 Dungeon Crawl Stone Soup version 0.29-a0-577-gafbf2c5d25 (webtiles) character file.

Game seed: 16355072478503160552

80 xian the Bolt Thrower (level 4, 0/48 HPs)
             Began as a Human Arcane Marksman on June 13, 2022.
             Succumbed to an adder's poison
             ... on level 2 of the Dungeon.
             The game lasted 00:05:17 (1588 turns).

xian the Bolt Thrower (Human Arcane Marksman)       Turns: 1588, Time: 00:05:18

Health: 0/48       AC: 22    Str: 12    XL:     4   Next: 65%
Magic:  5/6        EV:  2    Int: 14    God:
Gold:   115        SH:  0    Dex: 13    Spells: 4/5 levels left

rFire   . . .      SeeInvis .   a - +0 hand crossbow
rCold   + . .      Faith    .   (no shield)
rNeg    . . .      Spirit   .   (body armour currently unavailable)
rPois   +          Reflect  .   (helmet currently unavailable)
rElec   .          Harm     .   (cloak currently unavailable)
rCorr   .          Rampage  .   (gloves currently unavailable)
Will    .....      NoTele   +   (boots currently unavailable)
Stlth   +.........              (no amulet)
HPRegen 0.16/turn               d - ring of protection from cold
MPRegen 0.10/turn               (no ring)

@: lethally poisoned (0 -> -3), tree-form
A: stationary, stasis, torment immunity, boosted hp
a: no special abilities


You were on level 2 of the Dungeon.
You were a tree.
You visited 1 branch of the dungeon, and saw 2 of its levels.

You collected 115 gold pieces.

Inventory:

Hand Weapons
 a - a +0 hand crossbow (weapon)
Armour
 e - a +0 leather armour (melded)
 h - a +0 pair of gloves (melded)
 i - a +0 helmet (melded)
Jewellery
 b - an amulet of reflection
 d - a ring of protection from cold (left branch)
Scrolls
 c - a scroll of vulnerability
 g - a scroll of teleportation


   Skills:
 + Level 1.3 Fighting
 + Level 3.5 Crossbows
 + Level 0.4 Armour
 + Level 2.3 Dodging
 + Level 1.4 Spellcasting
 + Level 3.3 Hexes


You had 4 spell levels left.
You knew the following spells:

 Your Spells              Type           Power      Damage    Failure   Level
a - Slow                  Hex            40%        N/A       6%          1

Your spell library contained the following spells:

 Spells                   Type           Power      Damage    Failure   Level
 Inner Flame              Hex/Fire       5%         N/A       36%         3
 Portal Projectile        Hex/Tloc       10%        N/A       36%         3
 Cause Fear               Hex            5%         N/A       54%         4


Dungeon Overview and Level Annotations

Branches:
Dungeon (2/15)

Altars:

Shops:
D:1 (


Message History

You are too injured to fight recklessly!
Shoot: a) +0 hand crossbow
Press: ? - help, Q - select action, (/) - cycle Shift-Dir - straight line, f/p - adder
Aim: an adder (almost dead, 40% to hit)
You shoot a bolt. The bolt hits the adder.
You kill the adder!
You feel very sick. The kobold hits you with a +0 whip.
* * * LOW HITPOINT WARNING * * *
Casting: Slow (safe; 9% risk of failure)
Confirm with . or Enter, or press ? or * to list all spells.
Aiming: Slow (safe; 9% risk of failure)
Press: ? - help, Shift-Dir - straight line, f - kobold
Aim: a kobold, wielding a +0 whip and quivering stones (chance to affect: 66%)
The kobold seems to slow down.
* * * LOW HITPOINT WARNING * * *
You feel sick. The kobold hits you with a +0 whip.
* * * LOW HITPOINT WARNING * * *
* * * LOW HITPOINT WARNING * * *
You feel sick.
It was a potion of lignification.
You turn into a tree.
Your +0 helmet melds into your body.
Your +0 pair of gloves melds into your body.
Your +0 leather armour melds into your body.
Your roots penetrate the ground.
* * * LOW HITPOINT WARNING * * *
You feel sick.
Really attack while wielding your +0 hand crossbow? [Y]es or [N]o only, please.
Really attack while wielding your +0 hand crossbow? [Y]es or [N]o only, please.
Really attack while wielding your +0 hand crossbow?
Okay, then.
Unknown command.
You are too injured to fight recklessly!
Shoot: a) +0 hand crossbow
Press: ? - help, Q - select action, (/) - cycle Shift-Dir - straight line, f/p - kobold
Aim: a kobold, wielding a +0 whip and quivering stones (slow, 51% to hit)
You shoot a bolt. The bolt closely misses the kobold.
You die...

..#...#..........##
..#..[............#
#.#
..†........###....#
.#.. ..#....#+###
#....###....
..#....#
#.#.........
..#....#
#.#.........
..#......
..#.........
.#######.#
####......... .# .#
#♣K....... ## #
#......... #
#......... #
#......... #
#......... #
.......... #
########## # #


You could see a kobold (slow).

Vanquished Creatures
  4 adders (D:2)
  A worm (D:2)
  A dart slug (D:1)
  A ball python (D:1)
  4 endoplasms (D:1)
  A giant cockroach (D:1)
  4 goblins
  6 hobgoblins
  2 jackals (D:1)
  5 quokkas
  3 kobolds (D:1)
  3 rats
35 creatures vanquished.

Notes
Turn   | Place    | Note
-------+----------+-------------------------------------------
     0 | D:1      | xian the Human Arcane Marksman began the quest for the Orb.
     0 | D:1      | Reached XP level 1. HP: 15/15 MP: 2/2
   370 | D:1      | Reached XP level 2. HP: 21/21 MP: 3/3
   544 | D:1      | Reached XP level 3. HP: 26/26 MP: 4/4
   740 | D:1      | Found Laaschant's Antique Weapon Shoppe.
  1102 | D:2      | Reached XP level 4. HP: 32/32 MP: 2/6
  1586 | D:2      | HP: 1/32 [poisoned by an adder]
  1588 | D:2      | Succumbed to an adder's poison

Illustrated notes

Levels and vault maps discovered:
D:1:      psy_arrival_dodecagon, layout_basic, serial_shops,
          nicolae_shop_window_shopping
D:2:      layout_basic

Skill      XL: |  1  2  3 |
---------------+----------+-----
Crossbows      | 3 |  3.5
Fighting       | |  1.3
Armour         | |  0.4
Dodging        | |  2.3
Spellcasting   | |  1.4
Hexes          | |  3.3

Action                   |  1- 3 |  4- 6 || total
-------------------------+-------+-------++-------
 Fire: Hand crossbow     |    89 |    44 ||   133
 Cast: Slow              |     5 |     7 ||    12
  Use: Scroll            |     3 |       ||     3
       Potion            |     1 |     1 ||     2
Armor: Leather armour    |     6 |     9 ||    15
Dodge: Dodged            |    23 |    22 ||    45

Table legend: (Time is in decaauts)
 A = Elapsed time spent in this place.
 B = Non-inter-level travel time spent in this place.
 C = Inter-level travel time spent in this place.
 D = Time resting spent in this place.
 E = Time spent auto-exploring this place.
 F = Levels seen in this place.
 G = Mean time per level.
                   A        B        C        D        E       F      G
               +--------+--------+--------+--------+--------+-----+--------+
         Total |   1640 |   1618 |     22 |    258 |   1032 |   2 |  820.0 |
       Dungeon |   1640 |   1618 |     22 |    258 |   1032 |   2 |  820.0 |
               +--------+--------+--------+--------+--------+-----+--------+

Top non-repeatable levels by time:
     D:1: 958 daAuts
     D:2: 682 daAuts
